Map: White Rabbit LE

Players

Elazer

  • Race: Zerg Zerg
  • League: Master
  • Spawn Location: 7:00

A.I. 1 (Very Easy) - Winner!

  • Race: Zerg Zerg
  • Spawn Location: 1:00

VOD

Have the link to the VOD?

Description

Time

  • Played on: Feb. 4, 2026, 1:15 p.m.
  • Length: 9:18
Show
View Real Time Build Order
Export as new Build Order

Elazer Zerg 

Build Orders: Hatch First 

Get SALT Encoding   

  12  0:00  Drone  
  13  0:08  Drone  
  13  0:14  Extractor, Drone  
  15  0:34  Hatchery  
  14  0:39  Extractor, Drone  
  15  0:45  Overlord  
  15  1:01  Spawning Pool  
  14  1:04  Drone  
  14  1:08  Drone  
  16  1:11  Drone  
  16  1:16  Drone  
  16  1:18  Extractor  
  17  1:26  Drone  
  18  1:36  Drone  
  19  1:47  Queen x2  
  19  1:50  Drone  
  19  1:52  Drone  
  25  1:58  Drone  
  25  1:59  Drone  
  27  2:08  Drone  
  27  2:09  Overlord  
  28  2:23  Lair  
  28  2:26  Queen  
  30  2:31  Overlord  
  30  2:33  Drone  
  30  2:36  Drone  
  32  2:38  Drone  
  32  2:41  Drone  
  34  2:44  Drone  
  36  2:51  Drone  
  36  2:53  Overlord  
  36  2:55  Drone x2  
  36  2:57  Drone  
  39  3:03  Pneumatized Carapace  
  39  3:07  Drone x2  
  39  3:12  Roach Warren  
  40  3:16  Extractor  
  40  3:17  Drone x2  
  41  3:22  Overseer  
  41  3:25  Drone x3  
  41  3:26  Drone  
  45  3:27  Drone x2  
  45  3:30  Drone  
  48  3:41  Extractor  
  48  3:43  Extractor, Drone x2  
  48  3:48  Evolution Chamber  
  48  3:52  Overlord, Hatchery  
  48  3:54  Drone  
  47  4:00  Drone x5  
  47  4:02  Overlord  
  52  4:05  Glial Reconstitution  
  52  4:11  Roach  
  52  4:12  Roach  
  52  4:14  Roach  
  58  4:18  Roach  
  60  4:26  Drone x2  
  60  4:30  Evolution Chamber  
  61  4:33  Drone x4  
  61  4:34  Drone x3  
  68  4:38  Zerg Melee Weapons Level 1  
  68  4:42  Metabolic Boost  
  68  4:46  Infestation Pit  
  68  4:47  Overlord  
  68  4:50  Overlord  
  67  4:56  Drone  
  67  4:58  Zerg Ground Armor Level 1  
  68  5:05  Drone x6  
  74  5:12  Drone x4  
  78  5:16  Overlord  
  78  5:23  Hive  
  78  5:26  Extractor  
  78  5:27  Drone x4, Extractor  
  80  5:32  Infestor  
  80  5:34  Infestor  
  84  5:38  Drone  
  84  5:39  Hatchery  
  84  5:40  Overlord  
  84  5:41  Zergling x2  
  85  5:47  Zergling x12  
  85  5:49  Infestor  
  93  5:56  Zergling x4  
  95  6:01  Overlord  
  95  6:02  Zergling x4  
  97  6:04  Zergling x2  
  97  6:05  Zergling x4  
  97  6:09  Ravager x4  
  97  6:11  Zergling x4  
  105  6:16  Overlord  
  106  6:19  Overlord  
  106  6:20  Drone  
  106  6:21  Zergling x8  
  111  6:27  Zergling x4  
  111  6:29  Hatchery  
  112  6:33  Drone  
  112  6:35  Ultralisk Cavern, Adrenal Glands  
  112  6:38  Zergling x8  
  116  6:40  Zerg Melee Weapons Level 2  
  116  6:50  Zergling x18  
  125  6:55  Zerg Ground Armor Level 2  
  125  6:58  Overlord x2  
  125  7:06  Zergling x16  
  133  7:13  Overlord  
  133  7:14  Queen  
  135  7:19  Zergling x6  
  135  7:21  Chitinous Plating  
  138  7:24  Ultralisk  
  144  7:30  Ultralisk  
  144  7:36  Overlord  
  150  7:37  Overlord  
  150  7:41  Ultralisk  
  156  7:52  Ultralisk  
  156  7:54  Drone  
  156  7:55  Drone x6  
  169  8:05  Overlord x2  
  169  8:07  Drone x7  
  176  8:21  Spire  
  176  8:22  Baneling Nest  
  176  8:23  Drone x9  
  183  8:27  Spore Crawler  
  183  8:31  Spore Crawler  
  181  8:37  Overseer  
  181  8:48  Overseer x3  
  181  8:51  Zergling x34  
  181  8:54  Overlord  
  198  9:00  Overlord x2  
Show
View Real Time Build Order
Export as new Build Order

A.I. 1 (Very Easy) Zerg - Winner!

Build Orders: Pool First 

Get SALT Encoding   

  12  0:01  Drone  
  13  0:12  Overlord  
  13  0:16  Drone  
  14  0:35  Spawning Pool  
  14  0:36  Extractor  
  14  0:40  Drone  
  13  0:47  Drone  
  14  0:53  Overlord  
  14  1:22  Zergling x2  
  14  1:24  Queen  
  17  1:34  Roach Warren  
  17  1:38  Drone  
  17  1:42  Extractor  
  17  1:46  Drone  
  17  1:50  Zergling x2  
  18  2:05  Drone  
  19  2:12  Drone  
  20  2:18  Zergling x2  
  20  2:21  Drone  
  22  2:30  Overlord  
  22  2:34  Drone  
  23  2:41  Drone  
  24  2:46  Roach  
  24  2:48  Drone  
  27  6:49  Zergling x2  
  27  7:21  Drone, Lair  
  27  7:22  Overlord  
  28  7:28  Hatchery, Roach  
  28  7:29  Drone  
  30  7:36  Drone  
  31  7:43  Drone  
  32  7:51  Drone  
  28  7:58  Drone  
  29  8:06  Roach  
  31  8:19  Overseer x2  
  31  8:41  Drone  
  32  8:45  Zergling x2  
  32  8:48  Drone  
  34  8:50  Extractor  
  34  8:53  Extractor  
  34  8:55  Drone  
  33  9:02  Drone  
Tags
 
League
Master
Matchup
ZvZ
Player
Elazer
Race
Zerg
Spawn Locations
Cross Positions
Add a new tag
Caveats
  • Supply blocks, unpowered buildings, or Contaminate may cause inaccurate times.
  • Supply counts are checked every 10 seconds.